AoeStats
← Simzer59

Pilgrims

510164369Analyzed
2v2 RM · 2d ago on Sep 29, 2026· 99m 30s· 4 players
Game mode
Random Map
Map size
Medium (4 player)
Population
200
Speed
Normal
Resources
Standard
Victory
Conquest
Starting age
Dark Age
Ending age
Imperial Age
RankedLock teamsTeams togetherTeam positionsShared explorationLock speedFull tech treeHidden civsTurbo modeCheats
Victory
Defeat
🇨🇳 Portuguese · China
806
+14
🇵🇱 Saracens · Poland
801
+15
🇫🇷 Vikings · France
785
-26
🇨🇦 Franks · Canada
755
-28
Simzer59
14:55 Feudal Age
18:10 Double-Bit Axe
18:23 Fishing Lines
18:22 Man-at-Arms
21:54 Horse Collar
23:37 Forging
23:28 Scale Mail Armor
26:41 Castle Age
29:10 Gold Mining
29:49 Medium Warships
29:30 Gillnets
32:16 Stone Mining
39:20 Scale Barding Armor
39:31 Chain Mail Armor
39:52 Iron Casting
57:04 Imperial Age
58:59 Gold Shaft Mining
58:47 Ballistics
59:28 Chemistry
58:56 Cavalier
61:53 Heavy Scorpion
63:35 Elite Berserk
64:31 Capped Ram
65:30 Siege Ram
68:58 Chain Barding Armor
69:38 Blast Furnace
69:10 Plate Mail Armor
80:45 Elite Longship
[BIA] Quythuan
13:40 Feudal Age
16:02 Fishing Lines
18:28 Man-at-Arms
24:59 Double-Bit Axe
28:37 Wheelbarrow
33:05 Castle Age
31:18 Scale Barding Armor
31:26 Forging
31:18 Scale Mail Armor
41:03 Ballistics
40:48 Pikeman
45:55 Imperial Age
43:53 Gillnets
49:30 Chemistry
49:57 Cavalier
58:24 Paladin
59:38 Chain Barding Armor
66:27 Medium Warships
69:48 Gold Mining
95:35 Heavy Warships
Gullix
6:55 Loom
10:50 Feudal Age
12:09 Wheelbarrow
18:35 Double-Bit Axe
28:48 Castle Age
27:09 Stone Mining
34:01 Fletching
34:33 Gold Mining
36:23 Hand Cart
41:24 Bow Saw
44:40 Forging
44:29 Town Watch
47:49 Imperial Age
45:54 Scale Barding Armor
47:56 Husbandry
49:09 Bloodlines
48:46 Horse Collar
49:46 Heavy Plow
51:06 Medium Warships
50:37 Fishing Lines
53:32 Masonry
54:20 Conscription
55:33 Elite Mameluke
57:06 Gold Shaft Mining
56:34 Town Patrol
60:49 Iron Casting
60:09 Bodkin Arrow
61:05 Caravan
63:06 Chemistry
62:12 Siege Engineers
62:27 Ballistics
63:12 Thumb Ring
69:03 Hoardings
70:18 Two-Man Saw
69:17 Murder Holes
69:08 Arrowslits
71:27 Bracer
71:59 Gillnets
85:08 Blast Furnace
84:29 Chain Barding Armor
84:09 Padded Archer Armor
86:03 Medium Warships
85:16 Demolition Ship
89:03 Heavy Warships
89:21 Parthian Tactics
89:12 Careening
89:12 Clinker Construction
89:08 Siphons
89:03 Light Cavalry
90:48 Counterweights
91:15 Elite Cannon Galleon
95:51 Dry Dock
95:52 Carvel Hull
95:25 Spies/Treason
ng879635
14:36 Feudal Age
15:02 Fishing Lines
16:03 Wheelbarrow
15:24 Gold Mining
18:28 Horse Collar
18:41 Double-Bit Axe
23:19 Castle Age
22:18 Stone Mining
24:38 Hand Cart
25:01 Stone Shaft Mining
24:41 Bow Saw
26:01 Husbandry
26:13 Bloodlines
28:07 Gillnets
31:36 Imperial Age
29:19 Light Cavalry
30:34 Heavy Plow
30:48 Medium Warships
31:42 Scale Barding Armor
31:48 Forging
31:29 Fletching
31:40 Scale Mail Armor
31:40 Padded Archer Armor
33:18 Conscription
34:46 Two-Man Saw
38:40 Crop Rotation
39:58 Chain Barding Armor
40:17 Iron Casting
41:28 Circumnavigation
42:19 Elite Organ Gun
43:58 Arquebus
45:42 Chemistry
45:02 Ballistics
44:24 Treadmill Crane
44:49 Siege Engineers
47:13 Blast Furnace
46:34 Chain Barding Armor
46:11 Bodkin Arrow
46:32 Leather Archer Armor
46:33 Chain Mail Armor
Connection lost

Rejoining the realm…

Still unreachable

The connection could not be restored.

Session expired

The server has moved on; the page needs a fresh start.